[ PARTIDA AOE2 · #486065723 ]
Team RMMalíes vs Inca
[ ANÁLISIS DE REPETICIÓN · EXTRAÍDO DE LA PARTIDA GRABADA ]
Feudal
8:32
Castillos
32:23
Imperial
—
| APM promedio | 50.3 |
| APM pico | 99 |
| eAPM promedio | 22.9 |
| Aldeanos / militares | 88 / 59 |
Foco
⚔️ 31.3% · 🌾 68.7%
Knight ×39 · Scout Cavalry ×16 · Spearman ×4
Feudal
8:51
Castillos
23:28
Imperial
39:47
| APM promedio | 61.4 |
| APM pico | 101 |
| eAPM promedio | 35.3 |
| Aldeanos / militares | 190 / 113 |
Foco
⚔️ 49.7% · 🌾 50.3%
Unknown (2550) ×101 · Skirmisher ×63 · Archer ×37 · Kamayuk ×6 · Trebuchet (Packed) ×4 · Mangonel ×2
Feudal
9:41
Castillos
22:11
Imperial
36:19
| APM promedio | 102.4 |
| APM pico | 170 |
| eAPM promedio | 50.5 |
| Aldeanos / militares | 185 / 169 |
Foco
⚔️ 63.6% · 🌾 36.4%
Archer ×153 · Elephant Archer ×10 · Mangonel ×2 · Scorpion ×2 · Trebuchet (Packed) ×2
Feudal
8:28
Castillos
22:36
Imperial
—
| APM promedio | 67.4 |
| APM pico | 105 |
| eAPM promedio | 30.4 |
| Aldeanos / militares | 141 / 195 |
Foco
⚔️ 48.9% · 🌾 51.1%
Archer ×116 · Skirmisher ×75 · Mangonel ×3 · Mangudai ×1
Feudal
8:54
Castillos
26:14
Imperial
45:03
| APM promedio | 56.9 |
| APM pico | 110 |
| eAPM promedio | 27.3 |
| Aldeanos / militares | 191 / 162 |
Foco
⚔️ 48.6% · 🌾 51.4%
Knight ×74 · Huskarl ×46 · Scout Cavalry ×37 · Militia ×3 · Spearman ×2
Feudal
8:55
Castillos
21:03
Imperial
41:21
| APM promedio | 86.8 |
| APM pico | 206 |
| eAPM promedio | 50.1 |
| Aldeanos / militares | 141 / 222 |
Foco
⚔️ 71.1% · 🌾 28.9%
Archer ×124 · Skirmisher ×70 · Hand Cannoneer ×18 · Trebuchet (Packed) ×5 · Iron Pagoda ×3 · Spearman ×1
Mapa de la partida
Recursos iniciales + cada clic de construcción. Líneas = muros · curvas = relieve. ◆ oro · ⬟ piedra · ● bayas · ✦ reliquia · ◌ hueco del cierre
Tu base· ✓ Cerrada en 32:23 · 51t muro · sin puerta
Base de OS+ | NeoZz· Abierta — hueco de 6t
Base de Oni.TheViper· Abierta — hueco de 3t
Base de TAG_Sitaux· Abierta — hueco de 7t
Base de OS+ | TheKroks· ✓ Cerrada en 26:14 · 58t muro · 1 puerta(s)
Base de Oni.JorDan_AoE· Abierta — hueco de 4t
Terreno inicial suavizado · ◌ = hueco del cierre detectado · pasá el cursor para detalles
Inputs por minuto
— Tiramis31 - - OS+ | NeoZz
Build order — Tiramis31
Primeras 150 de 282 acciones detectadas
| 0:01 | Crear | Villager (Male) ×4 |
| 0:02 | Construir | House |
| 0:02 | Construir | House |
| 1:23 | Crear | Villager (Male) |
| 1:56 | Construir | Lumber Camp |
| 1:57 | Crear | Villager (Male) |
| 2:28 | Crear | Villager (Male) |
| 2:28 | Crear | Villager (Male) |
| 3:18 | Crear | Villager (Male) |
| 3:18 | Crear | Villager (Male) |
| 3:19 | Crear | Villager (Male) |
| 3:23 | Construir | House |
| 3:58 | Crear | Villager (Male) |
| 3:58 | Crear | Villager (Male) |
| 3:59 | Construir | House |
| 4:33 | Construir | Mill |
| 4:44 | Crear | Villager (Male) |
| 5:08 | Crear | Villager (Male) |
| 5:25 | Crear | Villager (Male) |
| 5:43 | Investigar | Loom |
| 6:22 | Investigar | Feudal Age |
| 6:50 | Construir | Palisade Wall |
| 6:51 | Construir | Palisade Wall |
| 7:21 | Construir | Barracks |
| 7:33 | Crear | Villager (Male) |
| 8:15 | Construir | Farm |
| 8:32 | Edad | Edad Feudal |
| 8:34 | Construir | Stable |
| 8:44 | Crear | Villager (Male) |
| 8:46 | Investigar | Double-Bit Axe |
| 8:55 | Construir | Palisade Wall |
| 9:14 | Crear | Villager (Male) |
| 9:15 | Crear | Scout Cavalry |
| 9:16 | Crear | Scout Cavalry |
| 9:20 | Construir | Palisade Wall |
| 9:27 | Construir | Farm |
| 9:31 | Crear | Villager (Male) |
| 9:36 | Construir | Farm |
| 9:55 | Construir | House |
| 10:02 | Crear | Villager (Male) |
| 10:05 | Construir | Farm |
| 10:20 | Construir | Farm |
| 10:25 | Crear | Scout Cavalry |
| 10:29 | Construir | House |
| 10:31 | Construir | Palisade Wall |
| 10:48 | Crear | Villager (Male) |
| 10:50 | Construir | Farm |
| 10:52 | Construir | Farm |
| 11:09 | Crear | Villager (Male) |
| 11:17 | Construir | Farm |
| 11:29 | Construir | Farm |
| 11:43 | Crear | Villager (Male) |
| 11:43 | Crear | Scout Cavalry |
| 12:03 | Crear | Villager (Male) |
| 12:03 | Crear | Scout Cavalry |
| 12:11 | Construir | Farm |
| 12:13 | Construir | Farm |
| 12:24 | Construir | Palisade Wall |
| 12:30 | Crear | Villager (Male) |
| 12:32 | Construir | Farm |
| 12:45 | Crear | Scout Cavalry |
| 12:55 | Crear | Villager (Male) |
| 12:58 | Construir | House |
| 13:06 | Construir | Farm |
| 13:08 | Crear | Scout Cavalry |
| 13:17 | Construir | Farm |
| 13:23 | Crear | Villager (Male) |
| 13:25 | Construir | House |
| 13:34 | Crear | Villager (Male) |
| 13:42 | Construir | House |
| 13:43 | Construir | Palisade Wall |
| 14:00 | Construir | House |
| 14:01 | Construir | House |
| 14:03 | Construir | House |
| 14:06 | Crear | Scout Cavalry |
| 14:21 | Construir | House |
| 14:27 | Crear | Villager (Male) |
| 14:35 | Construir | Lumber Camp |
| 14:37 | Crear | Scout Cavalry |
| 14:50 | Construir | Farm |
| 15:00 | Crear | Villager (Male) |
| 15:10 | Construir | Palisade Wall |
| 15:13 | Construir | House |
| 15:34 | Crear | Villager (Male) |
| 15:39 | Construir | Farm |
| 15:39 | Construir | Farm |
| 15:41 | Construir | Farm |
| 15:43 | Construir | Farm |
| 15:58 | Crear | Scout Cavalry |
| 16:07 | Construir | House |
| 16:07 | Construir | House |
| 16:12 | Construir | House |
| 16:13 | Construir | House |
| 16:17 | Crear | Villager (Male) |
| 16:35 | Crear | Villager (Male) |
| 16:39 | Construir | House |
| 16:40 | Construir | House |
| 16:45 | Construir | Watch Tower |
| 16:49 | Crear | Villager (Male) |
| 17:01 | Construir | Palisade Wall |
| 17:05 | Crear | Villager (Male) |
| 17:13 | Construir | House |
| 17:17 | Construir | Palisade Wall |
| 17:30 | Crear | Villager (Male) |
| 17:48 | Construir | Farm |
| 17:49 | Construir | Farm |
| 17:55 | Construir | House |
| 17:57 | Construir | Palisade Wall |
| 18:01 | Construir | Palisade Wall |
| 18:25 | Construir | House |
| 18:32 | Crear | Villager (Male) |
| 18:33 | Crear | Scout Cavalry |
| 19:03 | Crear | Villager (Male) |
| 19:29 | Construir | Lumber Camp |
| 19:30 | Crear | Villager (Male) |
| 19:30 | Crear | Villager (Male) |
| 19:30 | Crear | Villager (Male) |
| 19:40 | Crear | Villager (Male) |
| 19:43 | Crear | Scout Cavalry |
| 19:57 | Construir | Farm |
| 19:57 | Construir | Farm |
| 20:00 | Construir | Farm |
| 20:09 | Construir | Farm |
| 20:12 | Construir | Palisade Wall |
| 20:19 | Construir | House |
| 20:26 | Crear | Scout Cavalry |
| 20:26 | Crear | Villager (Male) |
| 20:49 | Crear | Scout Cavalry |
| 21:09 | Construir | House |
| 21:11 | Construir | Palisade Wall |
| 21:14 | Crear | Villager (Male) |
| 21:29 | Crear | Villager (Male) |
| 21:41 | Crear | Villager (Male) |
| 21:52 | Construir | Farm |
| 21:54 | Construir | Mining Camp |
| 22:04 | Construir | Farm |
| 22:08 | Construir | Farm |
| 22:21 | Crear | Villager (Male) |
| 22:36 | Construir | Market |
| 22:40 | Crear | Villager (Male) |
| 22:48 | Construir | House |
| 22:56 | Crear | Scout Cavalry |
| 23:14 | Crear | Villager (Male) |
| 23:24 | Construir | House |
| 23:27 | Construir | House |
| 23:30 | Construir | House |
| 23:32 | Construir | Palisade Wall |
| 23:45 | Crear | Spearman |
| 23:46 | Crear | Spearman |
| 23:47 | Crear | Villager (Male) |
Build order — OS+ | NeoZz
Primeras 150 de 635 acciones detectadas
| 0:01 | Crear | Villager (Male) |
| 0:01 | Crear | Villager (Male) |
| 0:01 | Crear | Villager (Male) |
| 0:02 | Construir | House |
| 0:04 | Crear | Villager (Male) |
| 1:08 | Crear | Villager (Male) |
| 1:31 | Construir | Settlement |
| 1:43 | Crear | Villager (Male) |
| 1:43 | Crear | Villager (Male) |
| 2:15 | Crear | Villager (Male) |
| 2:15 | Crear | Villager (Male) |
| 2:32 | Construir | Settlement |
| 2:43 | Crear | Villager (Male) |
| 3:02 | Crear | Villager (Male) |
| 3:25 | Crear | Villager (Male) |
| 3:47 | Crear | Villager (Male) |
| 3:49 | Crear | Villager (Male) |
| 3:55 | Crear | Villager (Male) |
| 4:16 | Crear | Villager (Male) |
| 4:17 | Crear | Villager (Male) |
| 4:49 | Crear | Villager (Male) |
| 4:51 | Crear | Villager (Male) |
| 5:08 | Construir | Settlement |
| 5:11 | Crear | Villager (Male) |
| 5:13 | Crear | Villager (Male) |
| 5:38 | Investigar | Loom |
| 5:45 | Crear | Villager (Male) |
| 5:46 | Investigar | Loom |
| 6:34 | Investigar | Feudal Age |
| 7:19 | Construir | Barracks |
| 7:28 | Crear | Villager (Male) |
| 7:37 | Crear | Villager (Male) |
| 8:51 | Edad | Edad Feudal |
| 8:52 | Construir | Archery Range |
| 8:55 | Construir | Archery Range |
| 9:00 | Investigar | Double-Bit Axe |
| 9:19 | Crear | Villager (Male) |
| 9:40 | Crear | Archer |
| 9:50 | Crear | Archer |
| 10:00 | Crear | Villager (Male) |
| 10:00 | Crear | Villager (Male) |
| 10:05 | Crear | Archer |
| 10:05 | Crear | Archer |
| 10:14 | Crear | Villager (Male) |
| 10:25 | Construir | Blacksmith |
| 10:33 | Crear | Archer |
| 10:54 | Crear | Archer |
| 10:58 | Crear | Villager (Male) |
| 11:02 | Construir | House |
| 11:05 | Construir | Palisade Wall |
| 11:14 | Crear | Archer |
| 11:14 | Crear | Archer |
| 11:17 | Construir | Palisade Wall |
| 11:17 | Construir | Palisade Wall |
| 11:19 | Crear | Villager (Male) |
| 11:19 | Crear | Villager (Male) |
| 11:19 | Crear | Villager (Male) |
| 11:24 | Construir | Farm |
| 11:32 | Crear | Archer |
| 11:43 | Crear | Villager (Male) |
| 12:08 | Construir | House |
| 12:13 | Crear | Villager (Male) |
| 12:15 | Construir | Settlement |
| 12:21 | Construir | Palisade Wall |
| 12:22 | Construir | Palisade Wall |
| 12:23 | Crear | Archer |
| 12:29 | Construir | Palisade Wall |
| 12:30 | Construir | Palisade Wall |
| 12:36 | Construir | Palisade Wall |
| 12:39 | Crear | Villager (Male) |
| 12:50 | Crear | Archer |
| 12:51 | Crear | Villager (Male) |
| 13:00 | Investigar | Fletching |
| 13:01 | Construir | Farm |
| 13:10 | Construir | Palisade Wall |
| 13:11 | Crear | Archer |
| 13:16 | Crear | Villager (Male) |
| 13:22 | Crear | Archer |
| 13:35 | Construir | Farm |
| 13:40 | Crear | Villager (Male) |
| 13:46 | Crear | Archer |
| 14:06 | Crear | Archer |
| 14:10 | Construir | Watch Tower |
| 14:14 | Construir | House |
| 14:15 | Construir | House |
| 14:16 | Construir | Palisade Wall |
| 14:21 | Crear | Villager (Male) |
| 14:21 | Crear | Villager (Male) |
| 14:21 | Crear | Villager (Male) |
| 14:23 | Construir | Palisade Wall |
| 14:43 | Crear | Archer |
| 14:46 | Crear | Archer |
| 15:22 | Construir | Farm |
| 15:27 | Crear | Archer |
| 15:27 | Crear | Archer |
| 15:41 | Construir | Farm |
| 15:56 | Crear | Villager (Male) |
| 15:56 | Crear | Villager (Male) |
| 16:00 | Construir | Farm |
| 16:01 | Crear | Archer |
| 16:04 | Construir | House |
| 16:05 | Construir | Palisade Wall |
| 16:07 | Crear | Archer |
| 16:07 | Crear | Archer |
| 16:12 | Crear | Villager (Male) |
| 16:23 | Construir | Farm |
| 16:24 | Crear | Archer |
| 16:26 | Construir | Palisade Wall |
| 16:32 | Crear | Archer |
| 16:34 | Crear | Villager (Male) |
| 16:53 | Crear | Villager (Male) |
| 16:54 | Construir | Farm |
| 16:56 | Construir | Farm |
| 17:02 | Crear | Archer |
| 17:07 | Crear | Villager (Male) |
| 17:10 | Crear | Archer |
| 17:13 | Crear | Villager (Male) |
| 17:40 | Crear | Villager (Male) |
| 17:41 | Construir | Farm |
| 17:42 | Construir | Farm |
| 17:46 | Crear | Archer |
| 18:13 | Crear | Archer |
| 18:13 | Crear | Archer |
| 18:17 | Crear | Villager (Male) |
| 18:20 | Construir | House |
| 18:44 | Crear | Villager (Male) |
| 18:45 | Construir | Farm |
| 18:47 | Construir | Market |
| 18:56 | Crear | Archer |
| 19:15 | Construir | House |
| 19:21 | Construir | Farm |
| 19:24 | Crear | Archer |
| 19:24 | Crear | Archer |
| 19:26 | Crear | Villager (Male) |
| 19:44 | Crear | Villager (Male) |
| 19:52 | Construir | Palisade Wall |
| 19:53 | Construir | Palisade Wall |
| 19:55 | Construir | House |
| 20:05 | Construir | Settlement |
| 20:07 | Construir | House |
| 20:17 | Crear | Archer |
| 20:18 | Crear | Archer |
| 20:40 | Crear | Archer |
| 20:40 | Crear | Archer |
| 20:41 | Crear | Archer |
| 20:48 | Investigar | Castle Age |
| 20:57 | Crear | Skirmisher |
| 20:57 | Crear | Skirmisher |
| 21:14 | Construir | Settlement |
| 21:24 | Crear | Skirmisher |
Build order — Oni.TheViper
Primeras 150 de 512 acciones detectadas
| 0:00 | Crear | Villager (Male) |
| 0:00 | Crear | Villager (Male) |
| 0:00 | Crear | Villager (Male) |
| 0:01 | Construir | House |
| 0:02 | Construir | House |
| 0:05 | Crear | Villager (Male) |
| 1:32 | Crear | Villager (Male) |
| 1:54 | Crear | Villager (Male) |
| 2:08 | Construir | House |
| 2:15 | Crear | Villager (Male) |
| 2:44 | Construir | Lumber Camp |
| 2:44 | Crear | Villager (Male) |
| 3:04 | Crear | Villager (Male) |
| 3:05 | Crear | Villager (Male) |
| 3:23 | Crear | Villager (Male) |
| 4:00 | Crear | Villager (Male) |
| 4:04 | Crear | Villager (Male) |
| 5:18 | Crear | Villager (Male) |
| 5:31 | Construir | Mining Camp |
| 5:33 | Crear | Villager (Male) |
| 6:10 | Investigar | Loom |
| 6:34 | Crear | Villager (Male) |
| 6:43 | Construir | House |
| 7:28 | Construir | Barracks |
| 7:31 | Investigar | Feudal Age |
| 7:31 | Investigar | Feudal Age |
| 8:50 | Construir | Mill |
| 9:00 | Construir | Mill |
| 9:14 | Crear | Villager (Male) |
| 9:41 | Edad | Edad Feudal |
| 9:43 | Construir | Archery Range |
| 9:44 | Construir | Archery Range |
| 9:45 | Crear | Villager (Male) |
| 9:59 | Crear | Villager (Male) |
| 10:25 | Crear | Villager (Male) |
| 10:28 | Construir | House |
| 10:34 | Construir | House |
| 10:34 | Construir | House |
| 10:41 | Crear | Archer |
| 10:41 | Crear | Archer |
| 10:58 | Construir | Farm |
| 10:58 | Construir | Farm |
| 11:06 | Crear | Archer |
| 11:06 | Crear | Archer |
| 11:08 | Crear | Villager (Male) |
| 11:15 | Crear | Villager (Male) |
| 11:24 | Investigar | Double-Bit Axe |
| 11:40 | Construir | House |
| 11:47 | Crear | Archer |
| 11:47 | Crear | Archer |
| 11:47 | Crear | Villager (Male) |
| 11:59 | Crear | Villager (Male) |
| 12:23 | Construir | Blacksmith |
| 12:27 | Crear | Villager (Male) |
| 12:33 | Crear | Archer |
| 12:44 | Crear | Archer |
| 12:45 | Crear | Villager (Male) |
| 12:58 | Construir | House |
| 13:04 | Investigar | Fletching |
| 13:10 | Crear | Villager (Male) |
| 13:17 | Construir | Farm |
| 13:22 | Crear | Archer |
| 13:22 | Crear | Archer |
| 13:22 | Crear | Villager (Male) |
| 13:34 | Crear | Villager (Male) |
| 13:37 | Construir | Farm |
| 13:44 | Construir | House |
| 13:46 | Construir | Palisade Wall |
| 13:59 | Crear | Villager (Male) |
| 14:06 | Crear | Archer |
| 14:06 | Crear | Archer |
| 14:09 | Crear | Villager (Male) |
| 14:23 | Crear | Archer |
| 14:28 | Construir | Farm |
| 14:35 | Crear | Archer |
| 14:48 | Crear | Villager (Male) |
| 14:50 | Construir | Farm |
| 15:09 | Crear | Villager (Male) |
| 15:10 | Construir | Farm |
| 15:11 | Construir | Farm |
| 15:20 | Crear | Archer |
| 15:23 | Crear | Archer |
| 15:24 | Crear | Villager (Male) |
| 15:26 | Construir | Palisade Wall |
| 15:30 | Crear | Archer |
| 15:31 | Crear | Villager (Male) |
| 15:34 | Crear | Villager (Male) |
| 15:37 | Construir | House |
| 15:58 | Crear | Villager (Male) |
| 16:01 | Crear | Archer |
| 16:09 | Construir | Farm |
| 16:34 | Crear | Villager (Male) |
| 16:38 | Crear | Archer |
| 16:38 | Crear | Archer |
| 16:40 | Construir | Farm |
| 16:40 | Construir | Farm |
| 17:42 | Construir | House |
| 17:46 | Crear | Archer |
| 17:47 | Crear | Archer |
| 18:09 | Crear | Archer |
| 18:14 | Construir | House |
| 18:36 | Crear | Archer |
| 18:48 | Construir | Archery Range |
| 18:51 | Construir | Lumber Camp |
| 19:09 | Crear | Archer |
| 19:09 | Crear | Archer |
| 19:31 | Investigar | Castle Age |
| 19:39 | Crear | Archer |
| 19:42 | Crear | Archer |
| 19:44 | Construir | Farm |
| 19:49 | Construir | Farm |
| 19:51 | Construir | Farm |
| 19:52 | Crear | Archer |
| 19:52 | Crear | Archer |
| 20:02 | Construir | Farm |
| 20:03 | Crear | Archer |
| 20:11 | Investigar | Gold Mining |
| 20:28 | Crear | Archer |
| 20:42 | Crear | Archer |
| 20:43 | Crear | Villager (Male) |
| 20:59 | Investigar | Forging |
| 21:01 | Investigar | Horse Collar |
| 21:05 | Crear | Archer |
| 21:08 | Crear | Archer |
| 21:09 | Crear | Villager (Male) |
| 21:16 | Construir | House |
| 21:19 | Construir | House |
| 21:24 | Crear | Archer |
| 21:24 | Crear | Archer |
| 21:44 | Crear | Archer |
| 21:44 | Crear | Archer |
| 22:11 | Edad | Edad de los Castillos |
| 22:12 | Construir | University |
| 22:14 | Investigar | Crossbowman (upgrade) |
| 22:16 | Investigar | Bodkin Arrow |
| 22:19 | Crear | Villager (Male) |
| 22:30 | Crear | Archer |
| 22:39 | Crear | Villager (Male) |
| 22:40 | Construir | Farm |
| 23:01 | Crear | Archer |
| 23:01 | Crear | Archer |
| 23:02 | Investigar | Bow Saw |
| 23:04 | Crear | Archer |
| 23:18 | Crear | Villager (Male) |
| 23:28 | Crear | Villager (Male) |
| 23:36 | Crear | Villager (Male) |
| 23:50 | Crear | Villager (Male) |
| 24:11 | Investigar | Ballistics |
| 24:12 | Crear | Archer |
| 24:13 | Crear | Villager (Male) |
Build order — TAG_Sitaux
Primeras 150 de 471 acciones detectadas
| 0:00 | Crear | Villager (Male) |
| 0:01 | Crear | Villager (Male) |
| 0:02 | Construir | House |
| 0:02 | Construir | House |
| 0:07 | Crear | Villager (Male) |
| 0:08 | Crear | Villager (Male) |
| 1:28 | Crear | Villager (Male) |
| 1:29 | Crear | Villager (Male) |
| 1:52 | Construir | Lumber Camp |
| 1:58 | Crear | Villager (Male) |
| 2:15 | Crear | Villager (Male) |
| 2:44 | Crear | Villager (Male) |
| 3:20 | Investigar | Loom |
| 3:29 | Crear | Villager (Male) |
| 3:51 | Crear | Villager (Male) |
| 4:05 | Construir | House |
| 4:10 | Crear | Villager (Male) |
| 4:10 | Crear | Villager (Male) |
| 4:11 | Crear | Villager (Male) |
| 4:19 | Crear | Villager (Male) |
| 4:46 | Crear | Villager (Male) |
| 4:46 | Crear | Villager (Male) |
| 5:16 | Crear | Villager (Male) |
| 5:17 | Crear | Villager (Male) |
| 5:34 | Construir | Mining Camp |
| 6:18 | Investigar | Feudal Age |
| 7:04 | Construir | Barracks |
| 7:18 | Crear | Villager (Male) |
| 8:21 | Crear | Villager (Male) |
| 8:28 | Edad | Edad Feudal |
| 8:28 | Construir | Archery Range |
| 8:34 | Construir | Archery Range |
| 8:39 | Construir | House |
| 8:55 | Crear | Villager (Male) |
| 9:20 | Crear | Archer |
| 9:22 | Crear | Archer |
| 9:26 | Crear | Archer |
| 9:31 | Crear | Villager (Male) |
| 9:33 | Investigar | Double-Bit Axe |
| 9:33 | Investigar | Double-Bit Axe |
| 9:37 | Crear | Skirmisher |
| 9:39 | Crear | Skirmisher |
| 9:43 | Crear | Villager (Male) |
| 9:47 | Construir | House |
| 9:56 | Crear | Villager (Male) |
| 10:09 | Crear | Villager (Male) |
| 10:24 | Crear | Archer |
| 10:31 | Crear | Villager (Male) |
| 10:40 | Construir | Blacksmith |
| 10:42 | Construir | House |
| 10:48 | Crear | Archer |
| 10:49 | Crear | Archer |
| 10:55 | Crear | Villager (Male) |
| 11:04 | Crear | Archer |
| 11:12 | Construir | House |
| 11:21 | Construir | House |
| 11:30 | Investigar | Fletching |
| 11:30 | Investigar | Fletching |
| 11:35 | Construir | Palisade Wall |
| 11:41 | Construir | Palisade Wall |
| 11:42 | Crear | Villager (Male) |
| 11:48 | Construir | Palisade Wall |
| 11:55 | Crear | Archer |
| 12:00 | Crear | Villager (Male) |
| 12:16 | Crear | Villager (Male) |
| 12:17 | Crear | Archer |
| 12:17 | Crear | Archer |
| 12:29 | Crear | Archer |
| 12:42 | Construir | Mill |
| 12:49 | Crear | Archer |
| 12:59 | Construir | Palisade Wall |
| 13:03 | Crear | Villager (Male) |
| 13:13 | Crear | Archer |
| 13:29 | Crear | Villager (Male) |
| 13:34 | Crear | Archer |
| 13:38 | Construir | Farm |
| 13:39 | Construir | Farm |
| 13:52 | Crear | Archer |
| 13:57 | Crear | Villager (Male) |
| 14:00 | Construir | House |
| 14:01 | Construir | House |
| 14:11 | Crear | Villager (Male) |
| 14:21 | Crear | Archer |
| 14:23 | Crear | Villager (Male) |
| 14:31 | Crear | Archer |
| 14:34 | Construir | Farm |
| 14:41 | Crear | Villager (Male) |
| 14:42 | Crear | Villager (Male) |
| 14:46 | Crear | Archer |
| 14:56 | Crear | Archer |
| 14:59 | Construir | Farm |
| 15:00 | Crear | Villager (Male) |
| 15:11 | Crear | Archer |
| 15:25 | Crear | Villager (Male) |
| 15:26 | Construir | Farm |
| 15:28 | Construir | Palisade Wall |
| 15:31 | Construir | House |
| 15:38 | Crear | Archer |
| 15:43 | Crear | Archer |
| 16:04 | Construir | Farm |
| 16:06 | Construir | Farm |
| 16:08 | Construir | House |
| 16:18 | Crear | Archer |
| 16:26 | Crear | Villager (Male) |
| 16:27 | Crear | Archer |
| 16:32 | Crear | Archer |
| 16:41 | Crear | Villager (Male) |
| 16:51 | Crear | Archer |
| 16:54 | Investigar | Padded Archer Armor |
| 17:04 | Construir | Farm |
| 17:05 | Construir | Farm |
| 17:08 | Crear | Archer |
| 17:12 | Crear | Archer |
| 17:22 | Construir | Farm |
| 17:22 | Crear | Villager (Male) |
| 17:31 | Crear | Archer |
| 17:40 | Construir | Farm |
| 17:42 | Crear | Villager (Male) |
| 17:54 | Construir | House |
| 18:08 | Crear | Archer |
| 18:34 | Crear | Villager (Male) |
| 18:43 | Crear | Archer |
| 18:58 | Construir | Market |
| 19:15 | Crear | Archer |
| 19:21 | Crear | Villager (Male) |
| 19:56 | Investigar | Castle Age |
| 19:57 | Crear | Archer |
| 19:57 | Crear | Archer |
| 20:01 | Crear | Archer |
| 20:06 | Construir | Lumber Camp |
| 20:14 | Investigar | Horse Collar |
| 20:14 | Investigar | Horse Collar |
| 20:16 | Crear | Archer |
| 20:37 | Crear | Archer |
| 20:49 | Crear | Archer |
| 21:01 | Construir | Archery Range |
| 21:03 | Investigar | Gold Mining |
| 21:09 | Construir | House |
| 21:11 | Crear | Archer |
| 21:14 | Construir | House |
| 21:15 | Construir | House |
| 21:16 | Construir | House |
| 21:18 | Construir | House |
| 21:19 | Crear | Archer |
| 21:53 | Construir | Watch Tower |
| 22:11 | Crear | Villager (Male) |
| 22:20 | Construir | Palisade Wall |
| 22:36 | Edad | Edad de los Castillos |
| 22:39 | Investigar | Crossbowman (upgrade) |
| 22:39 | Investigar | Crossbowman (upgrade) |
Build order — OS+ | TheKroks
Primeras 150 de 525 acciones detectadas
| 0:01 | Crear | Villager (Male) |
| 0:01 | Crear | Villager (Male) |
| 0:01 | Crear | Villager (Male) |
| 0:02 | Construir | House |
| 0:06 | Construir | House |
| 0:07 | Crear | Villager (Male) |
| 0:07 | Crear | Villager (Male) |
| 0:29 | Construir | Mill |
| 1:35 | Crear | Villager (Male) |
| 2:08 | Crear | Villager (Male) |
| 2:19 | Investigar | Loom |
| 2:24 | Crear | Villager (Male) |
| 2:41 | Crear | Villager (Male) |
| 2:41 | Crear | Villager (Male) |
| 3:24 | Crear | Villager (Male) |
| 3:26 | Crear | Villager (Male) |
| 3:30 | Construir | House |
| 3:45 | Crear | Villager (Male) |
| 3:45 | Crear | Villager (Male) |
| 4:13 | Construir | Lumber Camp |
| 4:36 | Crear | Villager (Male) |
| 4:36 | Crear | Villager (Male) |
| 4:38 | Crear | Villager (Male) |
| 4:46 | Crear | Villager (Male) |
| 4:46 | Crear | Villager (Male) |
| 4:58 | Crear | Villager (Male) |
| 4:58 | Crear | Villager (Male) |
| 6:04 | Crear | Villager (Male) |
| 6:07 | Construir | House |
| 6:11 | Crear | Villager (Male) |
| 6:30 | Investigar | Feudal Age |
| 7:36 | Construir | Barracks |
| 8:19 | Crear | Villager (Male) |
| 8:19 | Crear | Villager (Male) |
| 8:22 | Crear | Villager (Male) |
| 8:54 | Edad | Edad Feudal |
| 8:56 | Construir | Stable |
| 8:59 | Investigar | Double-Bit Axe |
| 9:08 | Construir | Mill |
| 9:13 | Crear | Villager (Male) |
| 9:29 | Crear | Scout Cavalry |
| 9:34 | Crear | Villager (Male) |
| 9:41 | Investigar | Horse Collar |
| 9:50 | Construir | House |
| 10:15 | Crear | Villager (Male) |
| 10:25 | Crear | Scout Cavalry |
| 10:33 | Construir | Farm |
| 10:34 | Construir | Farm |
| 10:34 | Construir | Farm |
| 10:34 | Construir | Farm |
| 10:38 | Crear | Villager (Male) |
| 10:54 | Crear | Scout Cavalry |
| 11:00 | Construir | House |
| 11:08 | Construir | Palisade Wall |
| 11:11 | Crear | Villager (Male) |
| 11:11 | Crear | Villager (Male) |
| 11:17 | Crear | Villager (Male) |
| 11:20 | Construir | Farm |
| 11:21 | Construir | Farm |
| 11:21 | Construir | Farm |
| 11:22 | Crear | Villager (Male) |
| 11:39 | Construir | Palisade Wall |
| 11:44 | Crear | Villager (Male) |
| 11:44 | Crear | Villager (Male) |
| 11:47 | Construir | Palisade Gate |
| 12:03 | Crear | Scout Cavalry |
| 12:15 | Construir | Palisade Wall |
| 12:16 | Crear | Spearman |
| 12:19 | Crear | Villager (Male) |
| 12:20 | Construir | Farm |
| 12:21 | Construir | Farm |
| 12:21 | Construir | Farm |
| 12:21 | Construir | Farm |
| 12:28 | Construir | House |
| 12:32 | Construir | Palisade Wall |
| 12:39 | Crear | Spearman |
| 12:43 | Crear | Villager (Male) |
| 12:45 | Construir | Farm |
| 12:52 | Crear | Scout Cavalry |
| 12:59 | Crear | Villager (Male) |
| 13:07 | Construir | Palisade Wall |
| 13:13 | Construir | Farm |
| 13:25 | Crear | Scout Cavalry |
| 13:26 | Crear | Scout Cavalry |
| 13:41 | Construir | House |
| 13:48 | Construir | Palisade Wall |
| 13:57 | Crear | Scout Cavalry |
| 14:09 | Crear | Villager (Male) |
| 14:12 | Construir | Farm |
| 14:12 | Construir | Farm |
| 14:13 | Crear | Villager (Male) |
| 14:20 | Crear | Villager (Male) |
| 14:22 | Construir | Farm |
| 14:26 | Construir | Palisade Wall |
| 14:28 | Construir | Palisade Wall |
| 14:41 | Construir | Farm |
| 14:41 | Construir | Farm |
| 14:46 | Crear | Scout Cavalry |
| 14:51 | Crear | Villager (Male) |
| 15:08 | Construir | Farm |
| 15:08 | Construir | Farm |
| 15:08 | Construir | Farm |
| 15:17 | Crear | Scout Cavalry |
| 15:21 | Crear | Villager (Male) |
| 15:24 | Construir | House |
| 15:25 | Construir | House |
| 15:36 | Crear | Villager (Male) |
| 15:51 | Construir | Blacksmith |
| 15:58 | Crear | Scout Cavalry |
| 16:03 | Crear | Scout Cavalry |
| 16:17 | Crear | Villager (Male) |
| 16:23 | Construir | House |
| 16:26 | Construir | Mining Camp |
| 16:27 | Crear | Scout Cavalry |
| 16:31 | Crear | Villager (Male) |
| 16:45 | Construir | Watch Tower |
| 16:49 | Construir | House |
| 16:51 | Construir | Palisade Wall |
| 16:58 | Investigar | Scale Barding Armor |
| 17:07 | Crear | Villager (Male) |
| 17:26 | Crear | Villager (Male) |
| 17:37 | Construir | House |
| 17:52 | Crear | Villager (Male) |
| 18:20 | Crear | Villager (Male) |
| 18:23 | Crear | Villager (Male) |
| 18:27 | Crear | Villager (Male) |
| 18:27 | Crear | Villager (Male) |
| 18:39 | Crear | Villager (Male) |
| 18:39 | Crear | Scout Cavalry |
| 18:39 | Crear | Scout Cavalry |
| 19:21 | Crear | Villager (Male) |
| 19:21 | Crear | Villager (Male) |
| 19:26 | Construir | Farm |
| 19:34 | Crear | Villager (Male) |
| 19:49 | Crear | Scout Cavalry |
| 19:53 | Crear | Villager (Male) |
| 19:56 | Construir | Farm |
| 19:56 | Construir | Farm |
| 20:06 | Crear | Villager (Male) |
| 20:06 | Crear | Scout Cavalry |
| 20:25 | Crear | Villager (Male) |
| 20:27 | Construir | Farm |
| 20:27 | Construir | Farm |
| 20:28 | Crear | Villager (Male) |
| 20:34 | Crear | Villager (Male) |
| 20:39 | Construir | Market |
| 20:51 | Investigar | Bloodlines |
| 20:57 | Construir | Farm |
| 20:57 | Crear | Villager (Male) |
| 21:02 | Construir | Palisade Wall |
Build order — Oni.JorDan_AoE
Primeras 150 de 530 acciones detectadas
| 0:00 | Crear | Villager (Male) |
| 0:00 | Crear | Villager (Male) |
| 0:00 | Crear | Villager (Male) |
| 0:00 | Crear | Villager (Male) |
| 0:01 | Construir | House |
| 0:02 | Construir | House |
| 1:25 | Crear | Villager (Male) |
| 1:57 | Construir | Lumber Camp |
| 2:01 | Crear | Villager (Male) |
| 2:01 | Crear | Villager (Male) |
| 2:06 | Crear | Villager (Male) |
| 2:52 | Crear | Villager (Male) |
| 2:52 | Crear | Villager (Male) |
| 3:12 | Crear | Villager (Male) |
| 3:12 | Crear | Villager (Male) |
| 3:28 | Construir | House |
| 3:37 | Crear | Villager (Male) |
| 3:37 | Crear | Villager (Male) |
| 3:58 | Crear | Villager (Male) |
| 3:58 | Crear | Villager (Male) |
| 4:14 | Crear | Villager (Male) |
| 4:14 | Crear | Villager (Male) |
| 4:21 | Construir | Mill |
| 5:06 | Crear | Villager (Male) |
| 5:45 | Crear | Villager (Male) |
| 5:46 | Investigar | Loom |
| 5:58 | Construir | House |
| 6:45 | Investigar | Feudal Age |
| 6:53 | Construir | Mining Camp |
| 7:25 | Crear | Villager (Male) |
| 8:02 | Construir | Barracks |
| 8:10 | Construir | Palisade Wall |
| 8:12 | Construir | Palisade Wall |
| 8:13 | Construir | Palisade Wall |
| 8:31 | Crear | Villager (Male) |
| 8:44 | Construir | House |
| 8:55 | Edad | Edad Feudal |
| 9:12 | Investigar | Double-Bit Axe |
| 9:40 | Crear | Villager (Male) |
| 9:46 | Construir | Archery Range |
| 9:46 | Crear | Spearman |
| 9:57 | Crear | Villager (Male) |
| 10:10 | Crear | Villager (Male) |
| 10:31 | Construir | Archery Range |
| 10:38 | Crear | Archer |
| 10:43 | Crear | Villager (Male) |
| 10:47 | Construir | Watch Tower |
| 11:03 | Construir | House |
| 11:06 | Construir | Palisade Wall |
| 11:10 | Crear | Archer |
| 11:19 | Crear | Villager (Male) |
| 11:36 | Crear | Archer |
| 11:52 | Crear | Villager (Male) |
| 11:55 | Construir | Farm |
| 11:56 | Construir | Farm |
| 11:58 | Crear | Archer |
| 12:01 | Crear | Archer |
| 12:05 | Construir | House |
| 12:15 | Crear | Archer |
| 12:22 | Crear | Villager (Male) |
| 12:39 | Construir | Blacksmith |
| 12:43 | Construir | Palisade Wall |
| 12:45 | Crear | Villager (Male) |
| 12:54 | Crear | Archer |
| 13:00 | Crear | Villager (Male) |
| 13:02 | Construir | Farm |
| 13:06 | Construir | House |
| 13:11 | Construir | Farm |
| 13:14 | Crear | Archer |
| 13:23 | Crear | Villager (Male) |
| 13:25 | Construir | Farm |
| 13:27 | Investigar | Fletching |
| 13:45 | Crear | Archer |
| 13:46 | Construir | Farm |
| 14:04 | Crear | Villager (Male) |
| 14:04 | Crear | Villager (Male) |
| 14:06 | Construir | Farm |
| 14:18 | Crear | Villager (Male) |
| 14:19 | Crear | Archer |
| 14:23 | Construir | House |
| 14:26 | Construir | House |
| 14:31 | Crear | Archer |
| 14:39 | Crear | Villager (Male) |
| 14:47 | Crear | Villager (Male) |
| 14:51 | Crear | Archer |
| 15:01 | Construir | House |
| 15:06 | Construir | House |
| 15:12 | Construir | Farm |
| 15:22 | Crear | Archer |
| 15:32 | Crear | Villager (Male) |
| 15:37 | Crear | Archer |
| 15:39 | Construir | Farm |
| 15:49 | Construir | Farm |
| 15:53 | Crear | Archer |
| 15:58 | Crear | Villager (Male) |
| 16:08 | Construir | Farm |
| 16:10 | Crear | Archer |
| 16:14 | Construir | Farm |
| 16:19 | Crear | Villager (Male) |
| 16:36 | Crear | Villager (Male) |
| 16:49 | Construir | Market |
| 16:56 | Crear | Archer |
| 17:00 | Crear | Villager (Male) |
| 17:36 | Crear | Villager (Male) |
| 17:39 | Crear | Archer |
| 18:23 | Investigar | Castle Age |
| 18:25 | Construir | Archery Range |
| 18:58 | Crear | Archer |
| 18:59 | Investigar | Gold Mining |
| 19:02 | Crear | Archer |
| 19:20 | Crear | Archer |
| 19:30 | Crear | Archer |
| 19:55 | Crear | Archer |
| 19:56 | Crear | Archer |
| 20:01 | Construir | Farm |
| 20:03 | Investigar | Horse Collar |
| 20:04 | Crear | Villager (Male) |
| 20:06 | Construir | Lumber Camp |
| 20:11 | Crear | Archer |
| 20:17 | Construir | Archery Range |
| 20:29 | Construir | Mining Camp |
| 20:39 | Crear | Archer |
| 21:03 | Edad | Edad de los Castillos |
| 21:04 | Construir | University |
| 21:05 | Investigar | Crossbowman (upgrade) |
| 21:21 | Investigar | Bodkin Arrow |
| 21:33 | Crear | Villager (Male) |
| 21:34 | Construir | Farm |
| 21:38 | Crear | Archer |
| 21:38 | Crear | Archer |
| 21:38 | Crear | Archer |
| 21:38 | Crear | Archer |
| 21:57 | Crear | Villager (Male) |
| 22:00 | Crear | Archer |
| 22:15 | Investigar | Ballistics |
| 22:35 | Crear | Villager (Male) |
| 22:35 | Crear | Villager (Male) |
| 22:35 | Crear | Villager (Male) |
| 22:35 | Crear | Villager (Male) |
| 22:36 | Crear | Archer |
| 22:36 | Crear | Archer |
| 22:39 | Crear | Villager (Male) |
| 22:53 | Construir | Farm |
| 22:53 | Construir | Farm |
| 22:55 | Construir | Farm |
| 23:00 | Construir | Mining Camp |
| 23:04 | Crear | Archer |
| 23:10 | Crear | Villager (Male) |
| 23:18 | Crear | Archer |
| 23:21 | Crear | Villager (Male) |
Cronología de la partida
| 6:50 | Tiramis31 · wall_segment Palisade Wall x1 |
| 6:51 | Tiramis31 · wall_segment Palisade Wall x1 |
| 7:04 | TAG_Sitaux · first_building Barracks |
| 7:19 | OS+ | NeoZz · first_building Barracks |
| 7:21 | Tiramis31 · first_building Barracks |
| 7:28 | Oni.TheViper · first_building Barracks |
| 7:36 | OS+ | TheKroks · first_building Barracks |
| 8:02 | Oni.JorDan_AoE · first_building Barracks |
| 8:10 | Oni.JorDan_AoE · wall_segment Palisade Wall x1 |
| 8:12 | Oni.JorDan_AoE · wall_segment Palisade Wall x1 |
| 8:13 | Oni.JorDan_AoE · wall_segment Palisade Wall x1 |
| 8:28 | TAG_Sitaux · age_up feudal |
| 8:28 | TAG_Sitaux · first_building Archery Range |
| 8:32 | Tiramis31 · age_up feudal |
| 8:34 | Tiramis31 · first_building Stable |
| 8:51 | OS+ | NeoZz · age_up feudal |
| 8:52 | OS+ | NeoZz · first_building Archery Range |
| 8:54 | OS+ | TheKroks · age_up feudal |
| 8:55 | Tiramis31 · wall_segment Palisade Wall x6 |
| 8:55 | Oni.JorDan_AoE · age_up feudal |
| 8:56 | OS+ | TheKroks · first_building Stable |
| 9:20 | Tiramis31 · wall_segment Palisade Wall x4 |
| 9:41 | Oni.TheViper · age_up feudal |
| 9:43 | Oni.TheViper · first_building Archery Range |
| 9:46 | Oni.JorDan_AoE · first_building Archery Range |
| 10:31 | Tiramis31 · wall_segment Palisade Wall x9 |
| 11:05 | OS+ | NeoZz · wall_segment Palisade Wall x5 |
| 11:06 | Oni.JorDan_AoE · wall_segment Palisade Wall x5 |
| 11:08 | OS+ | TheKroks · wall_segment Palisade Wall x3 |
| 11:17 | OS+ | NeoZz · wall_segment Palisade Wall x1 |
| 11:17 | OS+ | NeoZz · wall_segment Palisade Wall x1 |
| 11:35 | TAG_Sitaux · wall_segment Palisade Wall x4 |
| 11:39 | OS+ | TheKroks · wall_segment Palisade Wall x2 |
| 11:41 | TAG_Sitaux · wall_segment Palisade Wall x1 |
| 11:48 | TAG_Sitaux · wall_segment Palisade Wall x1 |
| 12:15 | OS+ | TheKroks · wall_segment Palisade Wall x11 |
| 12:21 | OS+ | NeoZz · wall_segment Palisade Wall x1 |
| 12:22 | OS+ | NeoZz · wall_segment Palisade Wall x1 |
| 12:24 | Tiramis31 · wall_segment Palisade Wall x6 |
| 12:29 | OS+ | NeoZz · wall_segment Palisade Wall x1 |
| 12:30 | OS+ | NeoZz · wall_segment Palisade Wall x4 |
| 12:32 | OS+ | TheKroks · wall_segment Palisade Wall x18 |
| 12:36 | OS+ | NeoZz · wall_segment Palisade Wall x1 |
| 12:43 | Oni.JorDan_AoE · wall_segment Palisade Wall x1 |
| 12:59 | TAG_Sitaux · wall_segment Palisade Wall x4 |
| 13:07 | OS+ | TheKroks · wall_segment Palisade Wall x2 |
| 13:10 | OS+ | NeoZz · wall_segment Palisade Wall x4 |
| 13:43 | Tiramis31 · wall_segment Palisade Wall x7 |
| 13:46 | Oni.TheViper · wall_segment Palisade Wall x9 |
| 13:48 | OS+ | TheKroks · wall_segment Palisade Wall x4 |
| 14:16 | OS+ | NeoZz · wall_segment Palisade Wall x3 |
| 14:23 | OS+ | NeoZz · wall_segment Palisade Wall x2 |
| 14:26 | OS+ | TheKroks · wall_segment Palisade Wall x5 |
| 14:28 | OS+ | TheKroks · wall_segment Palisade Wall x11 |
| 15:10 | Tiramis31 · wall_segment Palisade Wall x3 |
| 15:26 | Oni.TheViper · wall_segment Palisade Wall x3 |
| 15:28 | TAG_Sitaux · wall_segment Palisade Wall x7 |
| 16:05 | OS+ | NeoZz · wall_segment Palisade Wall x1 |
| 16:26 | OS+ | NeoZz · wall_segment Palisade Wall x8 |
| 16:51 | OS+ | TheKroks · wall_segment Palisade Wall x1 |
| 17:01 | Tiramis31 · wall_segment Palisade Wall x1 |
| 17:17 | Tiramis31 · wall_segment Palisade Wall x1 |
| 17:57 | Tiramis31 · wall_segment Palisade Wall x1 |
| 18:01 | Tiramis31 · wall_segment Palisade Wall x1 |
| 18:14 | Oni.JorDan_AoE · first_market_buy 100 food |
| 18:16 | Oni.JorDan_AoE · first_market_sell 100 wood |
| 19:42 | TAG_Sitaux · first_market_sell 500 stone |
| 19:43 | TAG_Sitaux · first_market_buy 100 food |
| 19:52 | OS+ | NeoZz · wall_segment Palisade Wall x6 |
| 19:53 | OS+ | NeoZz · wall_segment Palisade Wall x2 |
| 20:12 | Tiramis31 · wall_segment Palisade Wall x1 |
| 21:02 | OS+ | TheKroks · wall_segment Palisade Wall x1 |
| 21:03 | Oni.JorDan_AoE · age_up castle |
| 21:11 | Tiramis31 · wall_segment Palisade Wall x1 |
| 22:11 | Oni.TheViper · age_up castle |
| 22:19 | OS+ | NeoZz · wall_segment Stone Wall x1 |
| 22:20 | TAG_Sitaux · wall_segment Palisade Wall x1 |
| 22:36 | TAG_Sitaux · age_up castle |
| 23:02 | OS+ | NeoZz · wall_segment Stone Wall x1 |
| 23:04 | OS+ | TheKroks · first_market_buy 100 food |
| 23:13 | OS+ | NeoZz · wall_segment Stone Wall x1 |
| 23:28 | OS+ | NeoZz · age_up castle |
| 23:32 | Tiramis31 · wall_segment Palisade Wall x1 |
| 24:22 | TAG_Sitaux · wall_segment Palisade Wall x1 |
| 24:27 | TAG_Sitaux · wall_segment Stone Wall x1 |
| 24:28 | TAG_Sitaux · wall_segment Stone Wall x1 |
| 25:02 | Oni.JorDan_AoE · first_building Siege Workshop |
| 25:20 | Oni.TheViper · first_building Siege Workshop |
| 25:30 | Oni.JorDan_AoE · wall_segment Stone Wall x1 |
| 25:31 | Oni.JorDan_AoE · wall_segment Stone Wall x1 |
| 25:32 | OS+ | NeoZz · first_market_buy 100 food |
| 25:37 | Oni.JorDan_AoE · wall_segment Palisade Wall x1 |
| 25:39 | Oni.JorDan_AoE · wall_segment Palisade Wall x1 |
| 25:54 | Tiramis31 · wall_segment Palisade Wall x1 |
| 26:14 | OS+ | TheKroks · age_up castle |
| 26:30 | Oni.JorDan_AoE · wall_segment Palisade Wall x1 |
| 26:31 | Oni.JorDan_AoE · wall_segment Palisade Wall x1 |
| 26:38 | Tiramis31 · first_market_sell 100 stone |
| 26:54 | OS+ | TheKroks · wall_segment Palisade Wall x1 |
| 28:34 | Tiramis31 · first_market_buy 100 food |
| 30:42 | Tiramis31 · wall_segment Palisade Wall x7 |
| 30:52 | Tiramis31 · wall_segment Palisade Wall x1 |
| 31:30 | OS+ | NeoZz · first_building Siege Workshop |
| 31:48 | Oni.TheViper · first_building Monastery |
| 32:23 | Tiramis31 · age_up castle |
| 32:51 | Oni.TheViper · first_market_sell 500 wood |
| 32:57 | OS+ | TheKroks · first_market_sell 500 wood |
| 33:33 | OS+ | NeoZz · first_building Castle |
| 33:37 | OS+ | NeoZz · wall_segment Stone Wall x8 |
| 33:41 | OS+ | NeoZz · wall_segment Stone Wall x8 |
| 34:02 | OS+ | NeoZz · wall_segment Stone Wall x10 |
| 34:18 | Tiramis31 · wall_segment Palisade Wall x1 |
| 35:27 | Oni.TheViper · wall_segment Palisade Wall x1 |
| 35:28 | Oni.TheViper · wall_segment Palisade Wall x1 |
| 35:29 | Oni.TheViper · wall_segment Palisade Wall x1 |
| 35:59 | Oni.JorDan_AoE · wall_segment Palisade Wall x1 |
| 36:19 | Oni.TheViper · age_up imperial |
| 36:25 | Oni.TheViper · first_market_buy 100 food |
| 36:36 | OS+ | NeoZz · first_market_sell 100 food |
| 37:01 | TAG_Sitaux · first_building Siege Workshop |
| 37:16 | OS+ | NeoZz · wall_segment Stone Wall x10 |
| 37:46 | Oni.TheViper · first_building Castle |
| 38:09 | Tiramis31 · wall_segment Palisade Wall x1 |
| 38:18 | OS+ | TheKroks · first_building Castle |
| 38:21 | Oni.TheViper · wall_segment Palisade Wall x1 |
| 39:00 | OS+ | NeoZz · wall_segment Stone Wall x1 |
| 39:01 | OS+ | NeoZz · wall_segment Stone Wall x1 |
| 39:03 | OS+ | NeoZz · wall_segment Stone Wall x9 |
| 39:21 | Tiramis31 · wall_segment Palisade Wall x1 |
| 39:23 | OS+ | NeoZz · wall_segment Stone Wall x1 |
| 39:29 | OS+ | NeoZz · wall_segment Stone Wall x1 |
| 39:43 | OS+ | NeoZz · wall_segment Stone Wall x1 |
| 39:45 | OS+ | NeoZz · wall_segment Stone Wall x1 |
| 39:47 | OS+ | NeoZz · age_up imperial |
| 40:14 | TAG_Sitaux · first_building Castle |
| 40:40 | Oni.JorDan_AoE · first_building Castle |
| 41:21 | Oni.JorDan_AoE · age_up imperial |
| 41:33 | Tiramis31 · wall_segment Palisade Wall x1 |
| 42:28 | OS+ | NeoZz · first_building Monastery |
| 43:48 | Oni.JorDan_AoE · wall_segment Palisade Wall x1 |
| 45:03 | OS+ | TheKroks · age_up imperial |
| 46:13 | Oni.JorDan_AoE · resign |
[ ANÁLISIS IA · 1 CRÉDITO ]
¿Qué pasó realmente en esta partida?
Wolo.gg analiza cada decisión: build order, eco, micro, errores típicos por bracket. Análisis personalizado por WhatsApp o Discord en 30 segundos.
Guía civ
Malíes
Guía mapa
Arabia
Perfil
Jugador #2719862